| TOP OF THE 1ST |
|
Birmingham Barons batting - Pitching for Northwest Arkansas Naturals : RHP Matt Slater
|
|
Pitching: RHP Matt Slater
|
|
|
Batting: RHB Jeremy Hoffert
|
0-0: Called Strike 0-1: Foul Ball, location: 2F 0-2: Ball 1-2: Ball 2-2: Foul Ball, location: 2F 2-2: Foul Ball, location: 2F 2-2: Ball 3-2: SINGLE (Line Drive, 56, EV 102.5 MPH)
|
|
Batting: LHB Brandon Hopper
|
0-0: Ball 1-0: SINGLE (Groundball, 34D, EV 100.0 MPH) Jeremy Hoffert to second Runner from 2nd tries for 3rd, SAFE, throw by RF made to third
|
|
Batting: RHB Guillermo Mojica
|
0-0: Called Strike 0-1: Ball 1-1: Hit by Pitch Brandon Hopper to second
|
|
Batting: LHB Josh Pittman
|
0-0: Ball 1-0: Fly out, F6 (Popup, 6M, EV 65.0 MPH)
|
|
Batting: LHB Carlos Ramirez
|
0-0: Ball 1-0: Foul Ball, location: 2F 1-1: Foul Ball, location: 2F 1-2: Strikes out swinging
|
|
Batting: RHB Toichiro Fujimoto
|
0-0: Ball 1-0: Ball 2-0: Ground out 4-3 (Groundball, 4, EV 76.9 MPH)
|
| Top of the 1st over - 0 runs, 2 hits, 0 errors, 3 left on base; Birmingham 0 - Northwest Arkansas 0 |
| BOTTOM OF THE 1ST |
|
Northwest Arkansas Naturals batting - Pitching for Birmingham Barons : RHP Rick Sacket
|
|
Pitching: RHP Rick Sacket
|
|
|
Batting: RHB Danny Weisse
|
0-0: Called Strike 0-1: Foul Ball, location: 2F 0-2: Ball 1-2: Ball 2-2: Ball 3-2: Foul Ball, location: 2F 3-2: Foul Ball, location: 2F 3-2: Ground out 4-3 (Groundball, 4, EV 85.0 MPH)
|
|
Batting: RHB Yi-lin Niu
|
0-0: Called Strike 0-1: Ball 1-1: Foul Ball, location: 2F 1-2: Foul Ball, location: 2F 1-2: Strikes out swinging
|
|
Batting: RHB Kevin Roseen
|
0-0: Fly out, F8 (Flyball, 78D, EV 86.9 MPH)
|
| Bottom of the 1st over - 0 runs, 0 hits, 0 errors, 0 left on base; Birmingham 0 - Northwest Arkansas 0 |
| TOP OF THE 2ND |
|
Birmingham Barons batting - Pitching for Northwest Arkansas Naturals : RHP Matt Slater
|
|
Batting: LHB Herkko Haavikko
|
0-0: Ball 1-0: SINGLE (Groundball, 34D, EV 106.2 MPH)
|
|
Batting: RHB Peter Croston
|
0-0: Ball 1-0: Called Strike 1-1: Swinging Strike 1-2: Strikes out swinging
|
|
Batting: RHB Santos Guadalupe
|
0-0: Ball 1-0: Ball 2-0: Ball 3-0: Base on Balls Herkko Haavikko to second
|
|
Batting: RHB Jeremy Hoffert
|
0-0: Called Strike 0-1: Ball 1-1: Ball 2-1: Foul Ball, location: 2F 2-2: Fly out, F8 (Flyball, 78D, EV 84.4 MPH)
|
|
Batting: LHB Brandon Hopper
|
0-0: Swinging Strike 0-1: Ball 1-1: Foul Ball, location: 2F 1-2: Ball 2-2: Strikes out looking
|
| Top of the 2nd over - 0 runs, 1 hit, 0 errors, 2 left on base; Birmingham 0 - Northwest Arkansas 0 |
| BOTTOM OF THE 2ND |
|
Northwest Arkansas Naturals batting - Pitching for Birmingham Barons : RHP Rick Sacket
|
|
Batting: RHB Alex Cid
|
0-0: Called Strike 0-1: Ball 1-1: Called Strike 1-2: Ball 2-2: Ball 3-2: Strikes out swinging
|
|
Batting: SHB Jason Anaya
|
0-0: Called Strike 0-1: Swinging Strike 0-2: Fly out, F9 (Flyball, 9D, EV 101.2 MPH)
|
|
Batting: LHB Josh Moore
|
0-0: Called Strike 0-1: Ground out U3 (Groundball, 3, EV 85.0 MPH)
|
| Bottom of the 2nd over - 0 runs, 0 hits, 0 errors, 0 left on base; Birmingham 0 - Northwest Arkansas 0 |
| TOP OF THE 3RD |
|
Birmingham Barons batting - Pitching for Northwest Arkansas Naturals : RHP Matt Slater
|
|
Batting: RHB Guillermo Mojica
|
0-0: Foul Ball, location: 2F 0-1: SINGLE (Flyball, 34D, EV 83.8 MPH)
|
|
Batting: LHB Josh Pittman
|
0-0: Ball Guillermo Mojica steals 2nd base 1-0: Fly out, F8 (Flyball, 89S, EV 88.1 MPH)
|
|
Batting: LHB Carlos Ramirez
|
0-0: Called Strike 0-1: Ball 1-1: Swinging Strike 1-2: Strikes out looking
|
|
Batting: RHB Toichiro Fujimoto
|
0-0: Ball 1-0: Ball 2-0: Ball 3-0: Base on Balls
|
|
Batting: LHB Herkko Haavikko
|
0-0: Ball 1-0: Ball 2-0: Ball 3-0: Base on Balls Guillermo Mojica to third Toichiro Fujimoto to second
|
|
Pitching: RHP Joe Adelmann
|
|
|
Batting: RHB Peter Croston
|
0-0: Ball 1-0: Called Strike 1-1: Ball 2-1: Ball 3-1: Called Strike 3-2: Foul Ball, location: 2F 3-2: Base on Balls Guillermo Mojica scores Toichiro Fujimoto to third Herkko Haavikko to second
|
|
Batting: RHB Santos Guadalupe
|
0-0: Fly out, F7 (Line Drive, 78M, EV 98.8 MPH)
|
| Top of the 3rd over - 1 run, 1 hit, 0 errors, 3 left on base; Birmingham 1 - Northwest Arkansas 0 |
| BOTTOM OF THE 3RD |
|
Northwest Arkansas Naturals batting - Pitching for Birmingham Barons : RHP Rick Sacket
|
|
Batting: RHB Kevin Allen
|
0-0: Ball 1-0: Fly out, F5 (Flyball, 5D, EV 81.9 MPH)
|
|
Batting: RHB Ben Minge
|
0-0: SINGLE (Line Drive, 7S, EV 88.1 MPH)
|
|
Batting: LHB Joel Page
|
0-0: Sac Bunt to 15 - play at first, batter OUT! 1-3 Ben Minge to second
|
|
Batting: RHB Danny Weisse
|
0-0: Called Strike 0-1: Foul Ball, location: 2F 0-2: Ball 1-2: Ground out 6-3 (Groundball, 6M, EV 95.0 MPH)
|
| Bottom of the 3rd over - 0 runs, 1 hit, 0 errors, 1 left on base; Birmingham 1 - Northwest Arkansas 0 |
| TOP OF THE 4TH |
|
Birmingham Barons batting - Pitching for Northwest Arkansas Naturals : RHP Joe Adelmann
|
|
Batting: RHB Jeremy Hoffert
|
0-0: Ball 1-0: Called Strike 1-1: TRIPLE (Line Drive, 7D, EV 100.0 MPH)
|
|
Batting: LHB Brandon Hopper
|
0-0: Ball 1-0: Foul Ball, location: 2F 1-1: Ball 2-1: Ball 3-1: Foul Ball, location: 2F 3-2: Foul Ball, location: 2F 3-2: Base on Balls
|
|
Batting: RHB Guillermo Mojica
|
0-0: Called Strike 0-1: Swinging Strike 0-2: Ball 1-2: Ball 2-2: Ball 3-2: Foul Ball, location: 2F 3-2: DOUBLE (Groundball, 5L, EV 98.8 MPH) Jeremy Hoffert scores Brandon Hopper to third
|
|
Batting: LHB Josh Pittman
|
0-0: Foul Ball, location: 2F 0-1: Ball 1-1: Foul Ball, location: 2F 1-2: Foul Ball, location: 2F 1-2: Strikes out swinging
|
|
Batting: LHB Carlos Ramirez
|
0-0: Ball 1-0: Ball 2-0: Called Strike 2-1: Swinging Strike 2-2: Foul Ball, location: 2F 2-2: Foul Ball, location: 2F 2-2: Ball 3-2: Foul Ball, location: 2F 3-2: Base on Balls
|
|
Pitching: RHP Matt Voulgaris
|
|
|
Batting: RHB Toichiro Fujimoto
|
0-0: Ball 1-0: Swinging Strike 1-1: Swinging Strike 1-2: Strikes out swinging
|
|
Batting: LHB Herkko Haavikko
|
Balk! Brandon Hopper scores Guillermo Mojica to third Carlos Ramirez to second 0-0: Called Strike 0-1: Swinging Strike 0-2: Ball 1-2: Strikes out swinging
|
| Top of the 4th over - 2 runs, 2 hits, 0 errors, 2 left on base; Birmingham 3 - Northwest Arkansas 0 |
| BOTTOM OF THE 4TH |
|
Northwest Arkansas Naturals batting - Pitching for Birmingham Barons : RHP Rick Sacket
|
|
Batting: RHB Yi-lin Niu
|
0-0: Ball 1-0: Called Strike 1-1: Ball 2-1: Ground out 6-3 (Groundball, 6, EV 88.1 MPH)
|
|
Batting: RHB Kevin Roseen
|
0-0: Ball 1-0: Swinging Strike 1-1: Swinging Strike 1-2: Ball 2-2: Strikes out swinging
|
|
Batting: RHB Alex Cid
|
0-0: Foul Ball, location: 2F 0-1: SINGLE (Groundball, 56S, EV 77.5 MPH) (infield hit)
|
|
Batting: SHB Jason Anaya
|
0-0: Called Strike 0-1: Swinging Strike 0-2: Strikes out swinging
|
| Bottom of the 4th over - 0 runs, 1 hit, 0 errors, 1 left on base; Birmingham 3 - Northwest Arkansas 0 |
| TOP OF THE 5TH |
|
Birmingham Barons batting - Pitching for Northwest Arkansas Naturals : RHP Matt Voulgaris
|
|
Batting: RHB Peter Croston
|
0-0: Ball 1-0: Called Strike 1-1: SINGLE (Groundball, 4MD, EV 102.5 MPH)
|
|
Batting: RHB Santos Guadalupe
|
0-0: SINGLE (Groundball, 56D, EV 103.8 MPH) Peter Croston to second
|
|
Batting: RHB Jeremy Hoffert
|
0-0: Ball 1-0: SINGLE (Groundball, 56D, EV 101.9 MPH) Peter Croston to third Santos Guadalupe to second Runner from 3rd tries for Home, SAFE, throw by LF to home
|
|
Batting: LHB Brandon Hopper
|
0-0: TRIPLE (Flyball, 8LXD, EV 85.6 MPH) Santos Guadalupe scores Jeremy Hoffert scores
|
|
Batting: RHB Guillermo Mojica
|
0-0: DOUBLE (Line Drive, 8RXD, EV 114.4 MPH) Brandon Hopper scores
|
|
Pitching: RHP Tim Tucker
|
|
|
Batting: LHB Josh Pittman
|
0-0: Swinging Strike 0-1: Ball 1-1: Called Strike 1-2: Foul Ball, location: 2F 1-2: Ball 2-2: SINGLE (Groundball, 56D, EV 107.5 MPH) Guillermo Mojica to third Throwing error, E7 Guillermo Mojica scores Josh Pittman to second
|
|
Batting: LHB Carlos Ramirez
|
0-0: Foul Ball, location: 2F 0-1: Swinging Strike 0-2: Ball 1-2: Ball 2-2: Ball 3-2: Base on Balls
|
|
Batting: RHB Toichiro Fujimoto
|
0-0: Called Strike 0-1: Ball 1-1: Ball 2-1: Foul Ball, location: 2F 2-2: Strikes out swinging
|
|
Batting: LHB Herkko Haavikko
|
0-0: Ball 1-0: Foul Ball, location: 2F 1-1: Ball 2-1: SINGLE (Line Drive, 89S, EV 112.5 MPH) Josh Pittman to third Carlos Ramirez to second
|
|
Pitching: RHP Vinny Reveles
|
|
|
Batting: RHB Peter Croston
|
0-0: Ball 1-0: Ball 2-0: Foul Ball, location: 2F 2-1: Swinging Strike 2-2: Fly out, F8 (Flyball, 78M, EV 79.4 MPH)
|
|
Batting: RHB Santos Guadalupe
|
0-0: Foul Ball, location: 2F 0-1: Ball 1-1: Fly out, F9 (Flyball, 9S, EV 82.5 MPH)
|
| Top of the 5th over - 5 runs, 7 hits, 1 error, 3 left on base; Birmingham 8 - Northwest Arkansas 0 |
| BOTTOM OF THE 5TH |
|
Northwest Arkansas Naturals batting - Pitching for Birmingham Barons : RHP Rick Sacket
|
|
Batting: LHB Josh Moore
|
0-0: Called Strike 0-1: Called Strike 0-2: Foul Ball, location: 2F 0-2: Strikes out looking
|
|
Batting: RHB Kevin Allen
|
0-0: Ball 1-0: Ball 2-0: Called Strike 2-1: Swinging Strike 2-2: Strikes out looking
|
|
Batting: RHB Ben Minge
|
0-0: Ball 1-0: Ball 2-0: Ground out 5-3 (Groundball, 56, EV 101.2 MPH)
|
| Bottom of the 5th over - 0 runs, 0 hits, 0 errors, 0 left on base; Birmingham 8 - Northwest Arkansas 0 |
| TOP OF THE 6TH |
|
Birmingham Barons batting - Pitching for Northwest Arkansas Naturals : RHP Vinny Reveles
|
|
Batting: RHB Jeremy Hoffert
|
0-0: Ball 1-0: Called Strike 1-1: Ball 2-1: Ball 3-1: Ground out 6-3 (Groundball, 6S, EV 77.5 MPH)
|
|
Batting: LHB Brandon Hopper
|
0-0: Ball 1-0: Ball 2-0: Swinging Strike 2-1: Ball 3-1: Swinging Strike 3-2: Strikes out swinging
|
|
Pitching: RHP Matthew Orphan
|
|
|
Batting: RHB Guillermo Mojica
|
0-0: Ball 1-0: Called Strike 1-1: Ball 2-1: Foul Ball, location: 2F 2-2: Foul Ball, location: 2F 2-2: Ball 3-2: Base on Balls
|
|
Batting: LHB Josh Pittman
|
0-0: Ground out 6-3 (Groundball, 6M, EV 105.6 MPH)
|
| Top of the 6th over - 0 runs, 0 hits, 0 errors, 1 left on base; Birmingham 8 - Northwest Arkansas 0 |
| BOTTOM OF THE 6TH |
|
Northwest Arkansas Naturals batting - Pitching for Birmingham Barons : RHP Rick Sacket
|
|
Batting: LHB Joel Page
|
0-0: Called Strike 0-1: Ball 1-1: Fly out, F6 (Popup, 6S, EV 76.9 MPH)
|
|
Batting: RHB Danny Weisse
|
0-0: Called Strike 0-1: Called Strike 0-2: Ball 1-2: Strikes out swinging
|
|
Batting: RHB Yi-lin Niu
|
0-0: Called Strike 0-1: Ball 1-1: Ground out 6-3 (Groundball, 6, EV 83.1 MPH)
|
| Bottom of the 6th over - 0 runs, 0 hits, 0 errors, 0 left on base; Birmingham 8 - Northwest Arkansas 0 |
| TOP OF THE 7TH |
|
Birmingham Barons batting - Pitching for Northwest Arkansas Naturals : RHP Matthew Orphan
|
|
Pinch Hitting: RHB Sean Lee
|
0-0: Called Strike 0-1: Ball 1-1: Called Strike 1-2: Ball 2-2: Foul Ball, location: 2F 2-2: Foul Ball, location: 2F 2-2: Strikes out swinging
|
|
Batting: RHB Toichiro Fujimoto
|
0-0: Ball 1-0: Called Strike 1-1: Ball 2-1: Foul Ball, location: 2F 2-2: Foul Ball, location: 2F 2-2: Foul Ball, location: 2F 2-2: Strikes out swinging
|
|
Pitching: LHP Jake Warwick
|
|
|
Batting: LHB Herkko Haavikko
|
0-0: Ball 1-0: Foul Ball, location: 2F 1-1: Ball 2-1: Ball 3-1: Foul Ball, location: 2F 3-2: Strikes out swinging
|
| Top of the 7th over - 0 runs, 0 hits, 0 errors, 0 left on base; Birmingham 8 - Northwest Arkansas 0 |
| BOTTOM OF THE 7TH |
|
Northwest Arkansas Naturals batting - Pitching for Birmingham Barons : RHP Rick Sacket
|
|
Now at 1B: Sean Lee
|
|
|
Batting: RHB Kevin Roseen
|
0-0: Swinging Strike 0-1: Called Strike 0-2: Foul Ball, location: 2F 0-2: Ball 1-2: Foul Ball, location: 2F 1-2: Strikes out swinging
|
|
Batting: RHB Alex Cid
|
0-0: Foul Ball, location: 2F 0-1: Called Strike 0-2: Ground out 5-3 (Groundball, 56, EV 103.8 MPH)
|
|
Batting: SHB Jason Anaya
|
0-0: Called Strike 0-1: Ball 1-1: Fly out, F8 (Flyball, 89M, EV 95.0 MPH)
|
| Bottom of the 7th over - 0 runs, 0 hits, 0 errors, 0 left on base; Birmingham 8 - Northwest Arkansas 0 |
| TOP OF THE 8TH |
|
Birmingham Barons batting - Pitching for Northwest Arkansas Naturals : LHP Jake Warwick
|
|
Batting: RHB Peter Croston
|
0-0: Ball 1-0: Foul Ball, location: 2F 1-1: Fly out, F7 (Line Drive, 7, EV 86.2 MPH)
|
|
Batting: RHB Santos Guadalupe
|
0-0: Ball 1-0: Swinging Strike 1-1: Ball 2-1: Ball 3-1: Called Strike 3-2: Base on Balls
|
|
Batting: RHB Jeremy Hoffert
|
0-0: Ball 1-0: Foul Ball, location: 2F 1-1: Ball 2-1: Ball 3-1: Fly out, F7 (Flyball, 7S, EV 89.4 MPH)
|
|
Pitching: RHP Philip Terrell
|
|
|
Batting: LHB Brandon Hopper
|
0-0: Called Strike 0-1: Called Strike 0-2: Ball 1-2: Strikes out swinging
|
| Top of the 8th over - 0 runs, 0 hits, 0 errors, 1 left on base; Birmingham 8 - Northwest Arkansas 0 |
| BOTTOM OF THE 8TH |
|
Northwest Arkansas Naturals batting - Pitching for Birmingham Barons : RHP Rick Sacket
|
|
Pitching: LHP Zach Fields
|
|
|
Batting: LHB Josh Moore
|
0-0: Called Strike 0-1: Called Strike 0-2: Ball 1-2: Strikes out looking
|
|
Batting: RHB Kevin Allen
|
0-0: Ball 1-0: Called Strike 1-1: Foul Ball, location: 2F 1-2: Strikes out swinging
|
|
Batting: RHB Ben Minge
|
0-0: Called Strike 0-1: Ball 1-1: Foul Ball, location: 2F 1-2: Foul Ball, location: 2F 1-2: Ball 2-2: Ground out 6-3 (Groundball, 6, EV 85.0 MPH)
|
| Bottom of the 8th over - 0 runs, 0 hits, 0 errors, 0 left on base; Birmingham 8 - Northwest Arkansas 0 |
| TOP OF THE 9TH |
|
Birmingham Barons batting - Pitching for Northwest Arkansas Naturals : RHP Philip Terrell
|
|
Batting: RHB Guillermo Mojica
|
0-0: Fly out, F7 (Flyball, 78M, EV 86.9 MPH)
|
|
Batting: LHB Josh Pittman
|
0-0: Swinging Strike 0-1: Ball 1-1: Swinging Strike 1-2: Hit by Pitch
|
|
Batting: RHB Sean Lee
|
0-0: Swinging Strike 0-1: Called Strike 0-2: Ball 1-2: Fielders Choice at 2nd, 5-4 (Groundball, 56S, EV 93.1 MPH)
|
|
Batting: RHB Toichiro Fujimoto
|
0-0: Called Strike 0-1: SINGLE (Groundball, 4, EV 95.0 MPH) Sean Lee to second Runner from 2nd tries for 3rd, SAFE, throw by CF made to third
|
|
Batting: LHB Herkko Haavikko
|
0-0: Ball 1-0: Fly out, F8 (Flyball, 8RD, EV 84.4 MPH)
|
| Top of the 9th over - 0 runs, 1 hit, 0 errors, 2 left on base; Birmingham 8 - Northwest Arkansas 0 |
| BOTTOM OF THE 9TH |
|
Northwest Arkansas Naturals batting - Pitching for Birmingham Barons : LHP Zach Fields
|
|
Batting: LHB Joel Page
|
0-0: Ball 1-0: Ball 2-0: Ball 3-0: Called Strike 3-1: Ground out 2-3 (Groundball, 15S, EV 69.4 MPH)
|
|
Batting: RHB Danny Weisse
|
0-0: Ball 1-0: SINGLE (Line Drive, 34, EV 95.6 MPH)
|
|
Batting: RHB Yi-lin Niu
|
0-0: SINGLE (Groundball, 56D, EV 99.4 MPH) Danny Weisse to second
|
|
Batting: RHB Kevin Roseen
|
0-0: Ball 1-0: Called Strike 1-1: Ball 2-1: Fly out, F7 (Flyball, 7D, EV 105.0 MPH) Runner from 2nd tags up, SAFE at 3rd, no throw by LF
|
|
Batting: RHB Alex Cid
|
0-0: Ball 1-0: Fielders Choice at 2nd, 5-4 (Groundball, 5L, EV 95.0 MPH)
|
| Bottom of the 9th over - 0 runs, 2 hits, 0 errors, 2 left on base; Birmingham 8 - Northwest Arkansas 0 |
|